 Dungeon Crawl Stone Soup version 0.30-a0-341-g682706514a (webtiles) character file.

Game seed: 4974418490636010625

131925 MrRokkomies the Hand of Fortune (level 16, -3/150 HPs)
             Began as an Armataur Gladiator on Nov 3, 2022.
             Was the Champion of Nemelex Xobeh.
             Slain by Donald
             ... wielding a +5 long sword of flaming
              (8 damage)
             ... on level 1 of the Shoals.
             The game lasted 01:03:03 (33942 turns).

MrRokkomies the Hand of Fortune (AtGl)             Turns: 33942, Time: 01:03:06

Health: -3/150     AC: 25    Str: 32    XL:     16   Next: 56%
Magic:  26/26      EV: 10    Int: 13    God:    Nemelex Xobeh [******]
Gold:   2385       SH:  0    Dex: 14    Spells: 13/15 levels left

rFire   . . .      SeeInvis .    a - +3 demon whip (freeze)
rCold   + . .      Faith    .    (no shield)
rNeg    . . .      Spirit   .    z - +2 ring mail of Hairiness {+Inv rC+ Int+2 Slay+3}
rPois   +          Reflect  .    V - +0 helmet {Int+3}
rElec   .          Harm     .    E - +1 cloak
rCorr   .          Roll     +    P - +2 pair of gloves
Will    +....                    M - +2 barding
Stlth   +.........               u - amulet of the acrobat
HPRegen 0.45/turn                y - +6 ring of strength
MPRegen 0.20/turn                h - ring of poison resistance

@: mighty
A: large, rugged brown scales 3, deformed body, armoured tail, roll, long
tongue, awkward tongue, low MP 1
a: Renounce Religion, Evoke Invisibility, Draw Escape, Draw Destruction, Draw
Summoning, Triple Draw, Deal Four, Stack Five


You were on level 1 of the Shoals.
You worshipped Nemelex Xobeh.
Nemelex Xobeh was exalted by your worship.
You visited 6 branches of the dungeon, and saw 28 of its levels.
You visited the Abyss 1 time.
You also visited: Bailey and Volcano.

You collected 3355 gold pieces.
You spent 970 gold pieces at shops.

Inventory:

Hand Weapons
 a - a +3 demon whip of freezing (weapon)
 b - a +4 eveningstar of protection
Missiles
 d - 10 throwing nets
 e - 5 javelins
 n - 36 boomerangs
 w - 21 poisoned darts (quivered)
 G - 3 curare-tipped darts
 U - a silver javelin
Armour
 i - a +1 chain mail of fire resistance
 z - the +2 ring mail of Hairiness (worn) {+Inv rC+ Int+2 Slay+3}
   (You found it on level 4 of the Lair of Beasts)

   Int:       It affects your intelligence (+2).
   Slay:      It affects your accuracy & damage with ranged weapons and melee
   (+3).
   rC:        It protects you from cold.
   +Inv:      It lets you turn invisible.
 E - a +1 cloak (worn)
 M - a +2 barding (worn)
 P - a +2 pair of gloves (worn)
 V - a +0 helmet of intelligence (worn)
Jewellery
 c - a ring of willpower
 h - a ring of poison resistance (right hand)
 o - a ring of protection from cold
 u - an amulet of the acrobat (around neck)
 v - a ring of flight
 y - a +6 ring of strength (left hand)
 I - an amulet of guardian spirit
 N - a ring of see invisible
Wands
 k - a wand of iceblast (4)
 l - a wand of digging (3)
 O - a wand of flame (32)
 R - a wand of paralysis (8)
 S - a wand of light (4)
Scrolls
 q - 2 scrolls of immolation
 s - 5 scrolls of poison
 A - a scroll of fear
 B - 6 scrolls of teleportation
 C - 7 scrolls of butterflies
 H - 3 scrolls of amnesia
 L - 2 scrolls of silence
 Q - 6 scrolls of enchant armour
 W - 3 scrolls of magic mapping
 Y - 4 scrolls of blinking
Potions
 f - 3 potions of mutation
 j - 7 potions of flight
 m - a potion of magic
 p - 7 potions of attraction
 r - 3 potions of lignification
 t - 2 potions of invisibility
 x - a potion of cancellation
 F - 6 potions of haste
 J - a potion of curing
 K - a potion of brilliance
 X - a potion of might
Miscellaneous
 D - a lightning rod (4/4)
 T - a tin of tremorstones (2/2)
 Z - a phantom mirror (inert)


   Skills:
 + Level 12.6 Fighting
 - Level 13.8(14.0) Maces & Flails
 - Level 2.7(9.4) Staves
 - Level 1.9 Throwing
 - Level 11.3 Armour
 + Level 7.9 Dodging
 * Level 5.2 Transmutations
 * Level 17.8 Invocations


You had 13 spell levels left.
You knew the following spells:

 Your Spells              Type           Power      Damage    Failure   Level
a - Wereblood             Tmut           13%        N/A       7%          2

Your spell library contained the following spells:

 Spells                   Type           Power      Damage    Failure   Level
 Beastly Appendage        Tmut           26%        N/A       4%          1
 Apportation              Tloc           0%         N/A       36%         1
 Freeze                   Ice            0%         1d3       36%         1
 Necrotise                Necr           0%         1d4       36%         1
 Shock                    Conj/Air       0%         1d3       36%         1
 Slow                     Hex            0%         N/A       36%         1
 Summon Small Mammal      Summ           0%         N/A       36%         1
 Spider Form              Tmut/Pois      6%         N/A       38%         3
 Blink                    Tloc           0%         N/A       52%         2
 Ensorcelled Hibernation  Hex/Ice        0%         N/A       52%         2
 Momentum Strike          Conj/Tloc      0%         3d8       52%         2
 Call Canine Familiar     Summ           0%         N/A       75%         3
 Confusing Touch          Hex            0%         N/A       75%         3
 Frozen Ramparts          Ice            0%         1d1       75%         3
 Hailstorm                Conj/Ice       0%         3d3       75%         3
 Inner Flame              Hex/Fire       0%         N/A       75%         3
 Lesser Beckoning         Tloc           0%         N/A       75%         3
 Ozocubu's Armour         Ice            0%         N/A       75%         3
 Portal Projectile        Hex/Tloc       0%         N/A       75%         3
 Swiftness                Air            0%         N/A       75%         3
 Tukima's Dance           Hex            0%         N/A       75%         3
 Vampiric Draining        Necr           0%         2d6       75%         3
 Vhi's Electric Charge    Tloc/Air       0%         N/A       75%         3
 Blade Hands              Tmut           6%         N/A       78%         5
 Airstrike                Air            0%         2d(0-16)  98%         4
 Leda's Liquefaction      Hex/Erth       0%         N/A       98%         4
 Alistair's Intoxication  Tmut/Pois      4%         N/A       98%         5
 Arcjolt                  Conj/Air       0%         1d10      100%        5
 Borgnjor's Vile Clutch   Necr/Erth      0%         N/A       100%        5
 Eringya's Noxious Bog    Tmut/Pois      3%         N/A       100%        6
 Ozocubu's Refrigeration  Ice            0%         4d7       100%        7
 Storm Form               Tmut/Air       3%         N/A       100%        7
 Maxwell's Capacitive Co  Air            0%         ∞         100%        8


Dungeon Overview and Level Annotations

Branches:
Dungeon (15/15)            Temple (1/1) D:4            Lair (5/5) D:10
 Shoals (1/4) Lair:3       Spider (4/4) Lair:3        Slime (0/5) Lair:4
    Orc (2/2) D:12            Elf (0/3) Orc:2        Vaults (0/5) D:14
 Depths (0/4) D:15         Bailey (visited)         Volcano (visited)

Altars:
Ashenzari
Cheibriados
Dithmenos
Elyvilon
Fedhas
Gozag
Hepliaklqana
Kikubaaqudgha
Makhleb
Nemelex Xobeh
Okawaru
Qazlal
Ru
Sif Muna
Trog
Uskayaw
Vehumet
Wu Jian
Xom
Yredelemnul
Zin
The Shining One

Shops:
D:1 ?   Orc:1 (   Orc:2 =*[(

Annotations:
D:11 1 runed translucent door, Stonecrops's ghost, journeyman GrGl
Shoals:1 Donald
Spider:3 Roxanne


Innate Abilities, Weirdness & Mutations

You are completely covered in rugged brown scales. (AC +3, +7% HP)
Armour fits poorly on your strangely shaped body.
You have a long armoured tail.
You roll when moving toward enemies. (Rampage)
Your long tongue fully drains potion bottles. (2x potion effects)
Your tongue gives you trouble enunciating. (1.5x scroll delay)
Your magical capacity is low. (-10% MP)


Message History

Donald is moderately wounded.
Donald casts a spell.
Donald seems to grow stronger.
Donald blocks your attack.
Donald is moderately wounded.
Donald says, "I'm sure I saw a card fall out of that deck."
Donald closely misses you. Donald blocks your attack.
Donald is moderately wounded.
Donald hits you with a +5 long sword of flaming!
Donald burns you.
You hit Donald. You freeze Donald. You tail-slap Donald, but do no damage.
Donald is heavily wounded.
You hit Donald. You freeze Donald.
Your tail-slap misses Donald.
Donald is heavily wounded.
Donald says, "These tides are fast.
That can't be natural!"
Donald hits you with a +5 long sword of flaming!
Donald burns you.
You hit Donald. You freeze Donald. You tail-slap Donald!
Donald is severely wounded.
Donald hits you with a +5 long sword of flaming!!
Donald burns you.
You are too injured to fight recklessly!
You are too injured to fight recklessly!
You are too injured to fight recklessly!
Donald blocks your attack.
Donald is severely wounded.
Donald hits you with a +5 long sword of flaming!!
* * * LOW HITPOINT WARNING * * *
Donald burns you!
* * * LOW HITPOINT WARNING * * *
You whack Donald! You freeze Donald.
Donald is almost dead.
You slurp down every last drop of the 2 potions of might!
You feel very mighty all of a sudden.
Donald hits you with a +5 long sword of flaming!!
* * * LOW HITPOINT WARNING * * *
Donald burns you!
You die...
Your body glows with a rainbow of weird colours and disappears.

~~≈≈≈~~~~≈≈≈≈≈≈
~~~~≈≈~~~~~≈≈≈≈≈
PP≈~≈≈≈..~~≈≈≈≈≈
~≈≈≈≈≈≈≈~..~~~~≈≈≈
~...~~≈≈≈#≈≈≈≈~..~~~~≈≈≈
PP#.P...≈≈≈≈≈≈~..~~~~≈≈≈
.PPPPP.P≈≈≈≈≈≈~..@~~≈≈≈≈
#[PPPP~≈≈≈≈≈≈≈~.@.~~≈≈≈≈
#.P≈≈≈≈≈≈≈≈≈≈~~~~~~~~≈≈
##..~≈≈≈≈~≈≈≈~†~.~~.~~~≈
......~~~~~~†.....~~~~≈≈≈
...(....~≈.......~~~~~~≈≈≈
.#.....<.....###.....~~≈≈≈≈#
>....)~÷.....###....~~≈≈≈≈≈#
..~~~~~~............~~~≈≈≈≈#
.~~~~~~..............~~≈≈≈≈#


You could see Donald (fast, strong, reflecting).

Vanquished Creatures
  Nikola (Spider:3)
  2 emperor scorpions
  A frost giant (D:15)
  A broodmother (Spider:2)
  A green draconian (Abyss:3)
  3 spark wasps
  A merfolk impaler (Shoals:1)
  Josephine (D:15)
  A jiangshi (Abyss:2)
  6 hydras
  A rakshasa (Abyss:2)
  2 radroaches
  A vault guard (D:14)
  4 catoblepae
  Erica (Lair:1)
  2 ogre magi (D:15)
  A death knight (D:14)
  4 boulder beetles
  9 death yaks
  6 two-headed ogres
  2 tengu warriors (D:15)
  3 centaur warriors
  A hell hog (Volcano)
  4 thrashing horrors (Abyss:3)
  A fire crab (shapeshifter) (D:15)
  A pharaoh ant (Spider:2)
  A fire crab (Volcano)
  2 sea snakes (Shoals:1)
  2 orb spiders
  5 steelbarb worms
  A wizard (D:15)
  4 harpies (Shoals:1)
  A lindwurm (Lair:3)
  An orc sorcerer (Orc:2)
  5 deep elf pyromancers
  An orc knight (Orc:2)
  A necromancer (D:14)
  A wolf spider (shapeshifter) (D:15)
  16 ugly things
  11 wolf spiders
  5 cyclopes
  3 manticores
  A will-o-the-wisp (Abyss:3)
  2 moths of wrath
  6 elephants
  3 black mambas
  Joseph (D:8)
  3 torpor snails
  3 gargoyles (D:12)
  8 cane toads
  8 rime drakes
  8 komodo dragons
  7 demonic crawlers
  A tengu conjurer (D:14)
  2 ancient zymes
  A red devil (Lair:1)
  2 trolls
  3 polar bears
  2 large abominations (Abyss:3)
  A queen bee (Lair:1)
  17 tarantellas
  10 blink frogs
  A merfolk (Shoals:1)
  6 dream sheep (Lair:1)
  4 flying skulls
  11 jumping spiders
  2 spriggans (Lair:2)
  A shadow (D:12)
  2 basilisks
  8 wraiths
  12 culicivoras
  2 vampires
  5 wyverns
  A hog (shapeshifter) (D:15)
  8 fire bats (Volcano)
  50 yaks
  An unseen horror simulacrum (D:9)
  3 steam dragons
  25 redbacks
  7 vampire mosquitoes
  3 wargs
  2 acid dragons
  4 hell hounds (Volcano)
  18 water moccasins
  2 black bears
  31 orc warriors
  3 small abominations
  2 ice beasts
  20 ogres
  A tengu (D:14)
  A boggart (D:14)
  8 centaurs
  36 wolves
  9 kobold brigands
  A necrophage (D:7)
  Blork the orc (D:5)
  3 gnoll sergeants
  13 bullfrogs
  3 scorpions
  8 wights
  11 killer bees
  6 electric eels
  7 howler monkeys
  5 hounds
  An iron imp (Abyss:2)
  23 orc priests
  4 gnoll boudas
  2 centaur skeletons (D:9)
  5 iguanas
  24 orc wizards
  A killer bee zombie (D:9)
  3 centaur simulacra
  21 gnolls
  A howler monkey skeleton (D:9)
  10 adders
  A shadow imp (D:8)
  A white imp (D:9)
  A howler monkey simulacrum (D:9)
  An ufetubus (D:9)
  3 worms
  2 dart slugs (D:2)
  68 orcs
  9 endoplasms
  A giant cockroach (D:4)
  2 hobgoblins
  7 jackals
  5 quokkas
  3 training dummies (Orc:1)
  7 ball pythons
  6 bats
  4 frilled lizards
  13 goblins
  13 kobolds
  3 rats
  A lurking horror (Abyss:3)
803 creatures vanquished.

Vanquished Creatures (collateral kills)
  Agnes (Spider:3)
  An orc warlord (Orc:2)
  3 orc high priests (Orc:2)
  2 orc knights (Orc:2)
  2 orc sorcerers (Orc:2)
  2 redbacks (Spider:3)
  A warg (Orc:2)
  10 orc warriors (Orc:2)
  2 ogres (Orc:2)
  4 orc priests (Orc:2)
  3 orc wizards (Orc:2)
  12 orcs (Orc:2)
43 creatures vanquished.

Vanquished Creatures (others)
  An orc high priest (Orc:2)
  A bush (Lair:3)
  45 fungi
  A lurking horror (Abyss:3)
  70 plants
118 creatures vanquished.

Grand Total: 964 creatures vanquished

Notes
Turn   | Place    | Note
-------+----------+-------------------------------------------
     0 | D:1      | MrRokkomies the Armataur Gladiator began the quest for the
                  | Orb.
     0 | D:1      | Reached XP level 1. HP: 18/18 MP: 1/1
    51 | D:1      | You fall into a shaft and drop 1 floor!
   118 | D:1      | Found Iruridy's Magic Scroll Emporium.
   150 | D:1      | Reached XP level 2. HP: 24/25 MP: 2/2
   247 | D:1      | Reached skill level 1 in Armour
   679 | D:2      | Reached XP level 3. HP: 30/32 MP: 3/3
  1257 | D:3      | Reached XP level 4. HP: 40/40 MP: 4/4
  1639 | D:3      | Found a white marble altar of Elyvilon.
  2018 | D:4      | Reached XP level 5. HP: 48/48 MP: 5/5
  2221 | D:4      | Found a staircase to the Ecumenical Temple.
  2277 | Temple   | Entered the Ecumenical Temple
  2523 | Temple   | Became a worshipper of Nemelex Xobeh the Trickster
  2593 | D:4      | Found a hide-covered altar of Uskayaw.
  2973 | D:5      | Entered Level 5 of the Dungeon
  2983 | D:5      | Reached skill level 1 in Invocations
  2983 | D:5      | Reached XP level 6. HP: 47/55 MP: 6/6
  3034 | D:5      | Noticed a water moccasin
  3049 | D:5      | Killed a water moccasin
  3053 | D:5      | Reached skill level 2 in Invocations
  3126 | D:5      | Noticed Blork the orc
  3145 | D:5      | Killed Blork the orc
  3146 | D:5      | Reached XP level 7. HP: 64/64 MP: 8/8
  3422 | D:5      | Reached * piety under Nemelex Xobeh
  3456 | D:5      | Reached skill level 5 in Fighting
  3456 | D:5      | Reached skill level 3 in Invocations
  3793 | D:5      | Received a gift from Nemelex Xobeh
  4213 | D:6      | Reached skill level 1 in Maces & Flails
  4300 | D:6      | Reached XP level 8. HP: 67/72 MP: 10/10
  4529 | D:6      | Reached skill level 4 in Invocations
  4625 | D:6      | Reached skill level 5 in Armour
  4804 | D:6      | Reached skill level 5 in Invocations
  5267 | D:7      | Reached ** piety under Nemelex Xobeh
  5337 | D:7      | Found a blossoming altar of Fedhas.
  5348 | D:7      | Found a stormy altar of Qazlal.
  5559 | D:7      | Reached XP level 9. HP: 48/78 MP: 13/13
  5688 | D:7      | Reached skill level 6 in Invocations
  5695 | D:7      | HP: 4/111 [poisoned by a gnoll sergeant]
  6074 | D:8      | Found a flagged portal.
  6092 | Bailey   | Entered a bailey
  6352 | Bailey   | Reached skill level 5 in Maces & Flails
  6426 | Bailey   | Found a bloodstained altar of Trog.
  6868 | D:8      | Reached skill level 7 in Invocations
  7278 | D:8      | Noticed Joseph
  7292 | D:8      | Killed Joseph
  7293 | D:8      | Reached XP level 10. HP: 61/88 MP: 15/15
  7824 | D:9      | Reached skill level 8 in Invocations
  8014 | D:9      | Reached *** piety under Nemelex Xobeh
  8067 | D:9      | Received a gift from Nemelex Xobeh
  8772 | D:9      | Reached skill level 9 in Invocations
  9035 | D:10     | Entered Level 10 of the Dungeon
  9124 | D:10     | Reached XP level 11. HP: 62/98 MP: 17/17
  9481 | D:10     | Received a gift from Nemelex Xobeh
  9671 | D:10     | Found a basalt altar of Yredelemnul.
  9673 | D:10     | Found a burning altar of Makhleb.
  9721 | D:10     | Reached **** piety under Nemelex Xobeh
  9721 | D:10     | Found a staircase to the Lair.
  9839 | D:10     | Found a shimmering blue altar of Sif Muna.
  9918 | D:11     | Noticed a deep elf pyromancer
 10001 | Lair:1   | Entered Level 1 of the Lair of Beasts
 10029 | Lair:1   | Received a gift from Nemelex Xobeh
 10036 | Lair:1   | Noticed Amaemon
 10037 | Lair:1   | Amaemon changed into Amaemon the queen bee
 10037 | Lair:1   | Noticed Amaemon
 10048 | Lair:1   | Killed Amaemon the queen bee
 10055 | Lair:1   | Reached skill level 10 in Invocations
 11149 | Lair:1   | Noticed Erica
 11160 | Lair:1   | Killed Erica
 11541 | Lair:1   | Reached XP level 12. HP: 85/110 MP: 20/20
 11667 | Lair:1   | Reached skill level 11 in Invocations
 11964 | Lair:2   | Received a gift from Nemelex Xobeh
 12002 | Lair:2   | Reached skill level 10 in Armour
 12202 | Lair:2   | Reached ***** piety under Nemelex Xobeh
 12220 | Lair:2   | Received a gift from Nemelex Xobeh
 12306 | Lair:2   | Reached skill level 10 in Maces & Flails
 12611 | Lair:2   | Received a gift from Nemelex Xobeh
 13063 | Lair:3   | Found a dark tunnel.
 13066 | Volcano  | Entered a volcano
 13107 | Volcano  | Noticed a hell hog
 13123 | Volcano  | Killed a hell hog
 13127 | Volcano  | Reached skill level 12 in Invocations
 13428 | Lair:3   | Noticed a five-headed hydra
 13464 | Lair:3   | Killed a five-headed hydra
 13612 | Lair:3   | Found a hole to the Spider Nest.
 13664 | Lair:3   | Received a gift from Nemelex Xobeh
 13711 | Lair:3   | Got the Omnibus of Imprecation and Changing
 13717 | Lair:3   | Noticed a death yak
 13717 | Lair:3   | Noticed a death yak
 13745 | Lair:3   | Killed a death yak
 13777 | Lair:3   | Killed a death yak
 13778 | Lair:3   | Noticed a death yak
 13786 | Lair:3   | Killed a death yak
 13787 | Lair:3   | Reached XP level 13. HP: 67/118 MP: 22/22
 14470 | Lair:3   | Found a staircase to the Shoals.
 14714 | Lair:3   | Received a gift from Nemelex Xobeh
 15427 | Lair:4   | Received a gift from Nemelex Xobeh
 15553 | Lair:4   | Identified the +2 ring mail of Hairiness {+Inv rC+ Int+2
                  | Slay+3}
 15939 | Lair:4   | Reached skill level 13 in Invocations
 15942 | Lair:4   | Received a gift from Nemelex Xobeh
 16037 | Lair:4   | Found a staircase to the Slime Pits.
 16622 | Lair:5   | Entered Level 5 of the Lair of Beasts
 16779 | Lair:5   | Reached ****** piety under Nemelex Xobeh
 16982 | Lair:5   | Reached skill level 10 in Fighting
 17666 | Lair:5   | Received a gift from Nemelex Xobeh
 17774 | Lair:5   | Reached XP level 14. HP: 78/129 MP: 24/24
 17925 | Lair:5   | Identified the +1 ring mail of the Solstice {-Cast Rampage
                  | rN+++ Slay+3}
 18037 | Lair:5   | Received a gift from Nemelex Xobeh
 18159 | Lair:5   | Reached skill level 14 in Invocations
 18925 | D:11     | Received a gift from Nemelex Xobeh
 19014 | D:11     | Found a runed translucent door.
 19020 | D:11     | Noticed Stonecrops's ghost (journeyman GrGl)
 19046 | D:11     | Found a bloodstained altar of Trog.
 19243 | D:11     | Received a gift from Nemelex Xobeh
 19829 | D:12     | Received a gift from Nemelex Xobeh
 19829 | D:12     | Found a staircase to the Orcish Mines.
 19982 | D:12     | Identified the +7 chain mail of Fedhas's Wrath {*Corrode
                  | Will- Int+5 Dex+9}
 20501 | D:12     | Reached skill level 5 in Dodging
 20783 | Orc:1    | Entered Level 1 of the Orcish Mines
 20854 | Orc:1    | Received a gift from Nemelex Xobeh
 21070 | Orc:1    | Found Ataalim's Firing Range.
 21080 | Orc:1    | Bought a throwing net for 39 gold pieces
 21080 | Orc:1    | Bought 2 throwing nets for 78 gold pieces
 21080 | Orc:1    | Bought 2 boomerangs for 13 gold pieces
 21080 | Orc:1    | Bought 5 boomerangs for 32 gold pieces
 21187 | Orc:1    | Found a burning altar of Makhleb.
 21344 | Orc:2    | Entered Level 2 of the Orcish Mines
 21613 | Orc:2    | Found a staircase to the Elven Halls.
 21898 | Orc:2    | Noticed an orc warlord
 21909 | Orc:2    | Killed an orc warlord
 21920 | Orc:2    | Received a gift from Nemelex Xobeh
 22258 | Orc:2    | Found Daab's General Store.
 22259 | Orc:2    | Found Onah's Jewellery Emporium.
 22261 | Orc:2    | Found Cofiut's Antique Armour Shoppe.
 22261 | Orc:2    | Found Noch's Antique Weapon Shoppe.
 22267 | Orc:2    | Bought a glowing eveningstar for 486 gold pieces
 22286 | Orc:2    | Bought a shiny helmet for 157 gold pieces
 22476 | Orc:2    | Received a gift from Nemelex Xobeh
 23139 | D:13     | Received a gift from Nemelex Xobeh
 23509 | D:14     | Reached skill level 15 in Invocations
 23674 | D:14     | Noticed Lodul
 23683 | D:14     | Lodul changed into Lodul the tengu
 23683 | D:14     | Noticed Lodul
 23696 | D:14     | Killed Lodul the tengu
 24135 | D:14     | Reached XP level 15. HP: 97/138 MP: 26/26
 24403 | D:14     | Found a gate to the Vaults.
 24579 | D:14     | Received a gift from Nemelex Xobeh
 24653 | D:14     | Identified the +6 short sword "Gihazu Tasao" {venom, rC+
                  | Str+6}
 24998 | D:15     | Entered Level 15 of the Dungeon
 25648 | D:15     | Noticed Josephine
 25649 | Abyss:2  | Cast into level 2 of the Abyss (a wizard)
 25821 | Abyss:2  | Reached skill level 16 in Invocations
 25856 | Abyss:2  | Received a gift from Nemelex Xobeh
 25882 | Abyss:2  | Noticed a bone dragon
 25939 | Abyss:2  | Gained mutation: Your magical capacity is low. (-10% MP) [a
                  | neqoxec]
 25999 | Abyss:3  | Received a gift from Nemelex Xobeh
 26147 | D:15     | Escaped the Abyss
 26517 | D:15     | Killed Josephine
 27543 | D:15     | Found a staircase to the Depths.
 27543 | D:15     | Noticed a frost giant
 27554 | D:15     | Killed a frost giant
 28037 | Spider:1 | Entered Level 1 of the Spider Nest
 28037 | Spider:1 | Received a gift from Nemelex Xobeh
 28140 | Spider:1 | Learned a level 2 spell: Wereblood
 29031 | Orc:2    | Bought a ring of see invisible for 165 gold pieces
 29430 | Spider:1 | Reached skill level 17 in Invocations
 29648 | Spider:2 | Reached skill level 1 in Transmutations
 29826 | Spider:2 | Reached XP level 16. HP: 40/148 MP: 18/25
 30396 | Spider:2 | Received a gift from Nemelex Xobeh
 31182 | Spider:3 | Noticed Nikola
 31211 | Spider:3 | Killed Nikola
 31527 | Spider:3 | Received a gift from Nemelex Xobeh
 31973 | Spider:3 | HP: 6/150 [culicivora (7)]
 32283 | Spider:3 | Noticed Agnes
 32288 | Spider:3 | Killed Agnes
 32500 | Spider:3 | Noticed Roxanne
 32586 | Spider:3 | Received a gift from Nemelex Xobeh
 32996 | Spider:4 | Entered Level 4 of the Spider Nest
 33527 | Shoals:1 | Entered Level 1 of the Shoals
 33793 | Shoals:1 | Reached skill level 5 in Transmutations
 33928 | Shoals:1 | Noticed Donald
 33942 | Shoals:1 | HP: 5/150 [Donald/+5 long sword of flaming (28)]
 33942 | Shoals:1 | Slain by Donald

Illustrated notes

Levels and vault maps discovered:
D:1:      dpeg_arrival_brainrot, layout_rooms, serial_shops,
          nicolae_shop_waterfront, moated_statue
D:2:      layout_basic, corexii_corridor_pit
D:3:      layout_loops_ring, mainiacjoe_overflow_brackets
D:4:      layout_cave_pools, nicolae_uskayaw_murder_on_the_dancefloor,
          minmay_temple_entry_mini_moons, hangedman_abyss_or_decor_lesser_grid,
          grunt_decor_clamped
D:5:      layout_loops_cross, grunt_ministairs_7, mrwooster_statue_mirror,
          uniq_blork_the_orc
D:6:      layout_rooms
D:7:      layout_cave_pools, grunt_temple_overflow_forces_of_nature,
          due_unseen_surprise
D:8:      layout_basic, enter_bailey_5, uniq_joseph
D:9:      layout_gridville, serial_ice, serial_ice_i, serial_ice_f,
          serial_ice_a, serial_ice_h, hangedman_weighted_door,
          serial_bayou_pond_b
D:10:     layout_rooms, nicolae_sif_muna_little_library,
          chequers_temple_overflow_statue_of_worship, david_lair_shrubbed
D:11:     layout_stronghold, hellmonk_ghost_big_iron, trog_butcher_becter
D:12:     kennysheep_seaside_town, layout_rooms, david_orc_3
D:13:     layout_irregular_city
D:14:     layout_long_grid, david_vaults_5, minmay_crystal_room, uniq_lodul
D:15:     grunt_enter_depths_snipers, layout_small_grid, uniq_josephine
Temple:   regret_index_temple_generic_petals
Lair:1:   layout_cave_pods, serial_bayou_pond_b, uniq_erica, uniq_amaemon
Lair:2:   layout_long_grid, forest_entry_grove
Lair:3:   layout_chaotic_city, elwin_shoals_entry_rocks,
          spider_nest_entry_rubble, enter_volcano_4, serial_bayou_lake_a,
          grunt_megastairs_1
Lair:4:   layout_gridlike, slime_entry_1, minivault_26, grunt_megastairs_4,
          infiniplex_staircase_pool_2
Lair:5:   evilmike_catoblepas_cave, layout_small_grid,
          chequers_serial_rivers_room_b, columned_hall_lemuel,
          chequers_serial_rivers_room_a, dreamdust_mushroom_princess,
          minivault_24
Shoals:1: layout_shoals, nicolae_shoals_goliath_grotto, uniq_donald
Spider:1: layout_spider_delve, drop_trap
Spider:2: layout_spider_delve
Spider:3: layout_chambers, uniq_roxanne, uniq_nikola, uniq_agnes
Spider:4: johnstein_spider_rune_arachne_lair, nicolae_spider_spiderdrome
Orc:1:    layout_caves, basic_altar, nicolae_shop_firing_range
Orc:2:    st_orc_congregation, layout_diamond_mine, basic_altar

Skill      XL: |  1  2  3  4  5  6  7  8  9 10 11 12 13 14 15 16 |
---------------+-------------------------------------------------+-----
Fighting       | 2 3 4 5 6 7 8 9 10 11 12 | 12.6
Armour         | 1 2 3 4 5 7 8 9 11 | 11.3
Dodging        | 3 4 5 7 |  7.9
Invocations    | 1 2 3 5 7 9 10 12 13 15 17 | 17.8
Maces & Flails | 1 4 6 7 9 11 12 13 | 13.8
Transmutations | 1 5 |  5.2
Staves         | |  2.7
Throwing       | |  1.9

Action                   |  1- 3 |  4- 6 |  7- 9 | 10-12 | 13-15 | 16-18 || total
-------------------------+-------+-------+-------+-------+-------+-------++-------
Melee: Quarterstaff      |    60 |       |       |       |       |       ||    60
       Dagger            |    51 |   140 |    37 |       |       |       ||   228
       Tailslap          |    11 |    14 |    43 |   132 |   277 |    52 ||   529
       Punch             |       |     2 |       |     6 |    22 |     4 ||    34
       Dire flail        |       |       |   268 |   320 |       |       ||   588
       Demon whip        |       |       |       |   484 |  1307 |   320 ||  2111
Throw: Throwing net      |       |     2 |       |       |       |       ||     2
       Dart              |       |       |     6 |    24 |    50 |    54 ||   134
       Boomerang         |       |       |       |       |    34 |       ||    34
Invok: Draw Destruction  |       |       |       |     1 |     4 |     1 ||     6
       Draw Summoning    |       |       |       |     2 |     3 |     2 ||     7
       Deal Four         |       |       |       |       |     2 |     1 ||     3
       Triple Draw       |       |       |       |       |     5 |       ||     5
       Draw Escape       |       |       |       |       |       |     1 ||     1
Evoke: Wand              |       |       |     1 |    11 |     6 |       ||    18
       Phantom mirror    |       |       |       |       |       |     1 ||     1
  Use: Scroll            |     7 |     5 |    11 |     7 |     9 |       ||    39
       Potion            |       |     1 |     6 |     4 |    13 |     5 ||    29
 Stab: Sleeping          |     1 |       |       |       |       |       ||     1
Armor: Leather armour    |    50 |       |       |       |       |       ||    50
       Scale mail        |     5 |    24 |       |       |       |       ||    29
       Chain mail        |       |    41 |       |    49 |    47 |       ||   137
       Plate armour      |       |    12 |   166 |   575 |       |       ||   753
       Ring mail         |       |       |       |       |   476 |   163 ||   639
Dodge: Dodged            |    53 |    36 |   124 |   305 |   506 |   167 ||  1191

Table legend: (Time is in decaauts)
 A = Elapsed time spent in this place.
 B = Non-inter-level travel time spent in this place.
 C = Inter-level travel time spent in this place.
 D = Time resting spent in this place.
 E = Time spent auto-exploring this place.
 F = Levels seen in this place.
 G = Mean time per level.
                   A        B        C        D        E       F      G
               +--------+--------+--------+--------+--------+-----+--------+
         Total |  33030 |  31354 |   1676 |   6806 |  19455 |  32 | 1032.2 |
       Dungeon |  15938 |  15126 |    812 |   2935 |   9771 |  15 | 1062.5 |
        Temple |    263 |    229 |     34 |      0 |    219 |   1 |  263.0 |
          Lair |   8448 |   7954 |    494 |   1599 |   5294 |   5 | 1689.6 |
        Shoals |    399 |    399 |      0 |    198 |    151 |   1 |  399.0 |
   Spider Nest |   4806 |   4665 |    141 |   1274 |   2802 |   4 | 1201.5 |
  Orcish Mines |   1862 |   1670 |    192 |    293 |   1059 |   2 |  931.0 |
         Abyss |    426 |    426 |      0 |     96 |      0 |   2 |  213.0 |
        Bailey |    585 |    585 |      0 |    228 |    157 |   1 |  585.0 |
       Volcano |    298 |    298 |      0 |    182 |      0 |   1 |  298.0 |
               +--------+--------+--------+--------+--------+-----+--------+

Top non-repeatable levels by time:
  Lair:3: 2104 daAuts
    D:14: 2100 daAuts
Spider:3: 2097 daAuts
  Lair:5: 2013 daAuts
  Lair:1: 1773 daAuts
     D:9: 1573 daAuts
     D:5: 1326 daAuts
Spider:2: 1324 daAuts
    D:13: 1324 daAuts
  Lair:2: 1302 daAuts
   Orc:2: 1290 daAuts
  Lair:4: 1255 daAuts
Spider:1: 1252 daAuts
    D:15: 1192 daAuts
     D:8: 1002 daAuts
